 Dungeon Crawl Stone Soup version 0.31-a0-219-g8d62b2e7bb (webtiles) character file.

Game seed: 17262175393687815004

30 qw the Shooter (level 3, -2/21 HPs)
             Began as a Gargoyle Hexslinger on July 3, 2023.
             Slain by a goblin
             ... wielding a +0 club
             ... led by Robin
              (3 damage)
             ... on level 2 of the Dungeon.
             The game lasted 00:00:22 (959 turns).

qw the Shooter (Gargoyle Hexslinger)                 Turns: 959, Time: 00:00:23

Health: -2/21      AC:  6    Str: 11    XL:     3   Next: 18%
Magic:  4/4        EV: 11    Int: 13    God:
Gold:   39         SH:  0    Dex: 14    Spells: 3/4 levels left

rFire   . . .        Y - +1 sling
rCold   . . .        (no shield)
rNeg    + . .        d - +0 leather armour
rPois   inf          (no helmet)
rElec   +            (no cloak)
rCorr   .            (no gloves)
SInv    .            (no boots)
Will    .....        (no amulet)
Stlth   +            (no ring)
HPRegen 0.23/turn    (no ring)
MPRegen 0.09/turn

%: no passive effects
@: about to teleport
A: sickness immunity, AC +3, negative energy resistance 1, electricity
resistance, torment resistance 1, petrification resistance
a: no special abilities


You were on level 2 of the Dungeon.
You visited 1 branch of the dungeon, and saw 2 of its levels.

You collected 39 gold pieces.


Innate Abilities, Weirdness & Mutations

You are immune to sickness and miasma.
Your stone body is resilient. (AC +3)
You are immune to poison.
You resist negative energy. (rN+)
You are resistant to electric shocks. (rElec)
You are resistant to unholy torment.
You are immune to petrification.


   Skills:
 - Level 2.0 Fighting
 + Level 3.2 Ranged Weapons
 - Level 1.5 Dodging
 - Level 1.0 Spellcasting
 - Level 2.6 Hexes


You had 3 spell levels left.
You knew the following spells:

 Your Spells              Type           Power      Damage    Failure   Level
a - Slow                  Hex            28%        N/A       12%         1

Your spell library contained the following spells:

 Spells                   Type           Power      Damage    Failure   Level
 Inner Flame              Hex/Fire       4%         N/A       54%         3
 Portal Projectile        Hex/Tloc       8%         N/A       54%         3
 Cause Fear               Hex            3%         N/A       77%         4

Inventory:

Hand Weapons
 Y - a +1 sling (weapon)
Armour
 d - a +0 leather armour (worn)
Scrolls
 h - a scroll of teleportation
Potions
 g - a potion of curing {unknown}

Dungeon Overview and Level Annotations

Branches:
Dungeon (2/15)

Altars:

Annotations:
D:2 Robin


Message History

Robin says, "My goblins will feast on your bones."
Robin roars a battlecry!
The goblins go into a battle-frenzy!
A goblin comes into view. It is wielding a +0 club.
The goblin closely misses you.
The endoplasm quivers.
You shoot a sling bullet.
The sling bullet completely misses the goblin.
Robin throws the goblin at you! The goblin barely misses you.
The goblin closely misses you.
The goblin hits you but does no damage. x2
A goblin comes into view. It is wielding a +0 dagger.
You shoot a sling bullet.
The sling bullet closely misses the goblin.
The goblin barely misses you.
Robin roars a battlecry!
The goblin barely misses you. x3
You shoot a sling bullet. The sling bullet hits the goblin.
You kill the goblin!
The goblin barely misses you. Robin throws the goblin at you!
The goblin hits you with a +0 club. The goblin barely misses you.
The goblin hits you with a +0 dagger.
A goblin comes into view. It is wielding a +0 club.
You shoot a sling bullet.
The sling bullet barely misses the goblin.
The goblin barely misses you. Robin throws the goblin at you!
The goblin misses you.
The goblin hits you but does no damage. x2
The goblin barely misses you.
The goblin hits you but does no damage. x2
The goblin completely misses you. The goblin barely misses you. x2
You shoot a sling bullet. The sling bullet hits the goblin.
You kill the goblin!
The goblin hits you with a +0 dagger. Robin misses you.
The goblin hits you but does no damage. The goblin barely misses you.
The goblin hits you but does no damage.
959 ||| READING 2 scrolls of teleportation.
As you read the scroll of teleportation, it crumbles to dust.
You feel strangely unstable. The goblin hits you with a +0 dagger.
Robin closely misses you. The goblin misses you. The goblin barely misses you.
The goblin hits you with a +0 club.
You die...

#.########
#......<.#
#######g)#
#@g# #gg#
#Jg# #..#
).># #..#
#..# #..#


You could see Robin, an endoplasm and 4 goblins.

Vanquished Creatures
  6 bats (D:1)
  5 endoplasms (D:1)
  4 giant cockroaches (D:1)
  5 goblins
  3 ball pythons (D:1)
  A frilled lizard (D:1)
  2 rats (D:1)
26 creatures vanquished.

Notes
Turn   | Place    | Note
-------+----------+-------------------------------------------
     0 | D:1      | qw the Gargoyle Hexslinger began the quest for the Orb.
     0 | D:1      | Reached XP level 1. HP: 12/12 MP: 2/2
     0 | D:1      | 0 ||| qw: Version: 0.3-a-40-ge99b1a8
     0 | D:1      | 0 ||| qw: Game counter: 432
     0 | D:1      | 0 ||| qw: Melee chars always use a shield: true
     0 | D:1      | 0 ||| qw: God list: Okawaru
     0 | D:1      | 0 ||| qw: Allow faded altars: false
     0 | D:1      | 0 ||| qw: Do Orc after clearing Dungeon:15 true
     0 | D:1      | 0 ||| qw: Do second Lair branch before Depths: true
     0 | D:1      | 0 ||| qw: Lair rune preference: random
     0 | D:1      | 0 ||| qw: Goals: Normal
     0 | D:1      | 0 ||| PLANNING D:1-11
    52 | D:1      | Reached XP level 2. HP: 12/16 MP: 3/3
   149 | D:1      | Reached skill level 3 in Ranged Weapons
   602 | D:1      | Reached XP level 3. HP: 21/21 MP: 4/4
   899 | D:1      | 899 ||| UPGRADING to +0 leather armour.
   909 | D:1      | 909 ||| DROPPING +0 robe.
   910 | D:1      | 910 ||| READING scroll labelled BACROCH DECS.
   911 | D:1      | 911 ||| READING scroll labelled ZACHOUNWYCVU.
   912 | D:1      | 912 ||| READING 3 scrolls labelled REN UROVUNK.
   917 | D:1      | 917 ||| DROPPING scroll of poison.
   951 | D:2      | Noticed Robin
   958 | D:2      | HP: 4/21 [goblin/+0 dagger[Robin] (4)]
   959 | D:2      | 959 ||| READING 2 scrolls of teleportation.
   959 | D:2      | HP: 1/21 [goblin/+0 dagger[Robin] (3)]
   959 | D:2      | Slain by a goblin

Levels and vault maps discovered:
D:1:      tarquinn_simple_flora_water_f, layout_basic, hex_tiny,
          chequers_arboretum, minivault_11
D:2:      layout_basic, chequers_ecumenical_altar_simple,
          nicolae_nh_oracle_at_delphi, uniq_robin

Skill      XL: |  1  2 |
---------------+-------+-----
Ranged Weapons | 3 |  3.2
Fighting       | 2 |  2.0
Dodging        | |  1.5
Spellcasting   | |  1.0
Hexes          | |  2.6

Action                     || total
---------------------------++-------
   Fire: Sling             ||    92
    Use: Scroll            ||     4
 Armour: Robe              ||    25
         Leather armour    ||    11
  Dodge: Dodged            ||    63

Table legend:
 A = Non-vault XP
 B = Vault XP
 C = Vault XP percentage of total XP
 D = Non-vault monster count
 E = Vault monster count
 F = Vault count percentage of total count
                 A         B        C        D         E       F
            +---------+---------+-------+---------+---------+-------
      Total |      36 |       7 |  16.3 |      22 |       4 |  15.4
            +---------+---------+-------+---------+---------+-------
        D:1 |      36 |       0 |   0.0 |      22 |       0 |   0.0
        D:2 |       0 |       7 | 100.0 |       0 |       4 | 100.0
            +---------+---------+-------+---------+---------+-------
